 Dungeon Crawl Stone Soup version 0.31-a0-986-g5e6e4ef867 (webtiles) character file.

Game seed: 10443992722020450004

399 quinnr the Gusty (level 6, -2/38 HPs)
             Began as a Tengu Air Elementalist on Nov 25, 2023.
             Slain by a river rat (5 damage)
             ... in a sewer.
             The game lasted 00:07:27 (3304 turns).

quinnr the Gusty (Tengu Air Elementalist)           Turns: 3304, Time: 00:07:28

Health: -2/38      AC:  2    Str:  8    XL:     6   Next: 84%
Magic:  0/11       EV: 12    Int: 17    God:
Gold:   34         SH:  0    Dex: 15    Spells: 4/11 levels left

rFire   + . .        h - +2 dagger (drain)
rCold   . . .        (no shield)
rNeg    . . .        a - +0 robe
rPois   .            (helmet restricted)
rElec   .            (no cloak)
rCorr   .            (no gloves)
SInv    .            (boots unavailable)
Will    .....        (no amulet)
Stlth   +            f - ring of protection from fire
HPRegen 0.26/turn    (no ring)
MPRegen 0.12/turn

%: acrobat
@: very slow
A: beak, talons 3, acrobatic
a: no special abilities


You were in a sewer.
You visited 1 branch of the dungeon, and saw 3 of its levels.
You also visited: Sewer.

You collected 34 gold pieces.


Innate Abilities, Weirdness & Mutations

You have a beak for a mouth.
You have claws for feet.
You can magically evade attacks while moving or waiting.


   Skills:
 + Level 4.2 Fighting
 - Level 2.1 Dodging
 - Level 2.0 Stealth
 - Level 3.0 Spellcasting
 - Level 2.0 Conjurations
 + Level 7.0 Air Magic


You had 4 spell levels left.
You knew the following spells:

 Your Spells              Type           Power      Damage    Failure   Level
a - Airstrike             Air            13%        2d(2-18)  10%         4
t - Static Discharge      Conj/Air       34%        3-5/arc   4%          2
z - Shock                 Conj/Air       68%        1d7       2%          1

Your spell library contained the following spells:

 Spells                   Type           Power      Damage    Failure   Level
 Swiftness                Air            26%        N/A       3%          3
 Gell's Gravitas          Tloc           2%         N/A       45%         3
 Teleport Other           Tloc           2%         N/A       45%         3
 Dispersal                Tloc           1%         N/A       100%        6

Inventory:

Hand Weapons
 h - a +2 dagger of draining (weapon)
Missiles
 j - 5 darts of dispersal {=f}
Armour
 a - a +0 robe (worn)
Jewellery
 f - a ring of protection from fire (left hand)
 F - a ring of fire
Scrolls
 c - a scroll of fear {unknown}
 d - a scroll of fog
 e - 2 scrolls of noise
 i - a scroll of amnesia {unknown}
 k - a scroll of vulnerability
Potions
 b - a potion of magic
 g - a potion of mutation {unknown}
 l - a potion of heal wounds {unknown}
 m - a potion of curing {unknown}
 n - a potion of cancellation {unknown}

Dungeon Overview and Level Annotations

Branches:
Dungeon (3/15)              Sewer (1/1)

Altars:
Cheibriados

Shops:
D:2

: .~~.~~~~. ##..~ ~~~~~ #..~...~#
#~~~~ ...~.# ##~.~~~~~####.~.~
#..~.##~.~.~...~##~~~)#
#~..~~~~~~~~.....~.~##
#~~..~.....~...~~~##
#~.........~....~.#
#~..~~~~∩.∩.~.)~~~#
#~~.@~~........~)~# ▒
##~.Kr......~~..~~~## K~~#####
##~.~~.~~....~~.~~~~~##
▒~~~~.####..~~##~~..~~..~##~~.~#
r~~###.~~..~.~####~..~..~####~~..
▒ #~~~~~~~~# ##.~.~...## #.~~~
#~...~~~####~~~~~~~~.####..~
▒~~~~~########.~~~~~~~~...~#####
~~##### #~~~~.#####.~~.~#


You could see a kobold brigand and a river rat.


Message History

Unknown command.
Unknown command.
Casting: Shock (safe; 2% risk of failure)
Confirm with . or Enter, or press ? or * to list all spells.
The kobold brigand is struck by an arc of lightning.
The kobold brigand is severely wounded.
You are struck by an arc of lightning.
* * * LOW HITPOINT WARNING * * *
The kobold brigand is struck by an arc of lightning.
The kobold brigand is almost dead.
The lightning grounds out.
The river rat is struck by an arc of lightning.
The river rat is lightly wounded.
You are struck by an arc of lightning.
* * * LOW HITPOINT WARNING * * *
The river rat is struck by an arc of lightning.
The river rat is moderately wounded.
The lightning grounds out.
The river rat bites you.
* * * LOW HITPOINT WARNING * * *
The kobold brigand hits you with a +0 short sword.
* * * LOW HITPOINT WARNING * * *
Unknown command.
Unknown command.
Okay, then.
As you read the scroll labelled MAIXKUFAAST, it crumbles to dust.
You hear a loud clanging noise!
It was a scroll of noise.
You hear a shout!
You hear an angry hiss. x3; You hear a shout!
The river rat bites you.
You die...

Skill      XL: |  1  2  3  4  5  6 |
---------------+-------------------+-----
Air Magic      | 5 6 7 |  7.0
Conjurations   | 2 |  2.0
Fighting       | 2 4 |  4.2
Spellcasting   | 3 |  3.0
Dodging        | |  2.1
Stealth        | |  2.0

Action                     |  1- 3 |  4- 6 || total
---------------------------+-------+-------++-------
  Melee: Unarmed           |    11 |       ||    11
         Kick              |     5 |     2 ||     7
         Peck              |     5 |     1 ||     6
         Dagger            |       |     7 ||     7
   Cast: Shock             |    81 |    83 ||   164
         Static Discharge  |       |    11 ||    11
         Airstrike         |       |     2 ||     2
    Use: Scroll            |       |     6 ||     6
         Potion            |       |     1 ||     1
 Armour: Robe              |     5 |    54 ||    59
  Dodge: Dodged            |    20 |    37 ||    57

Levels and vault maps discovered:
D:1:      dpeg_arrival_rhombus, layout_loops_ring,
          shapermc_ecumenical_altar_venn, nicolae_twisty_statue_hallways
D:2:      layout_rooms, basic_altar, serial_shops, shop, minmay_misc_feat_rows,
          uniq_natasha, uniq_terence
D:3:      layout_basic, gammafunk_temple_overflow_wave, gup_sewer_entry_bowl,
          moated_statue, chequers_decorated_corner
Sewer:    sewer_co_tree

Notes
Turn   | Place    | Note
-------+----------+-------------------------------------------
     0 | D:1      | quinnr the Tengu Air Elementalist began the quest for the
                  | Orb.
     0 | D:1      | Reached XP level 1. HP: 10/10 MP: 4/4
    15 | D:1      | Found a faded altar of an unknown god.
   252 | D:1      | Reached XP level 2. HP: 15/15 MP: 1/6
   377 | D:1      | Reached skill level 5 in Air Magic
   603 | D:1      | Reached XP level 3. HP: 19/19 MP: 0/7
  1336 | D:2      | Found Naarr's Book Emporium.
  1384 | D:2      | Reached skill level 6 in Air Magic
  1641 | D:2      | Reached XP level 4. HP: 23/24 MP: 5/8
  1733 | D:2      | HP: 2/24 [poisoned by an adder]
  1848 | D:2      | Noticed Natasha
  1874 | D:2      | Killed Natasha
  1875 | D:2      | Reached skill level 7 in Air Magic
  1878 | D:2      | Learned a level 2 spell: Static Discharge
  1940 | D:2      | Noticed Natasha
  1962 | D:2      | Killed Natasha
  1963 | D:2      | Reached XP level 5. HP: 19/28 MP: 2/9
  2039 | D:2      | Reached skill level 2 in Conjurations
  2168 | D:2      | Noticed Terence
  2193 | D:2      | Killed Terence
  2194 | D:2      | Reached skill level 1 in Fighting
  2349 | D:2      | Found a snail-covered altar of Cheibriados.
  2593 | D:3      | Found a glowing drain.
  2597 | Sewer    | Entered a sewer
  2628 | Sewer    | Noticed a kobold brigand
  2674 | Sewer    | Killed a kobold brigand
  2675 | Sewer    | Reached skill level 2 in Fighting
  2675 | Sewer    | Reached skill level 3 in Spellcasting
  2675 | Sewer    | Reached XP level 6. HP: 25/36 MP: 0/11
  2919 | Sewer    | Reached skill level 3 in Fighting
  2925 | Sewer    | Reached skill level 4 in Fighting
  3075 | Sewer    | Learned a level 4 spell: Airstrike
  3303 | Sewer    | HP: 2/38 [kobold brigand/+0 short sword (2)]
  3304 | Sewer    | Slain by a river rat

Vanquished Creatures
  3 kobold brigands (Sewer)
  Terence (D:2)
  Natasha (twice) (D:2)
  A river rat (D:3)
  3 adders
  2 worms
  2 dart slugs
  2 orcs
  5 bats
  4 endoplasms
  2 giant cockroaches
  6 goblins
  6 hobgoblins
  3 jackals (D:1)
  8 kobolds
  6 quokkas
  9 ball pythons
  4 frilled lizards
  4 rats
73 creatures vanquished.

Table legend: (Time is in decaauts)
 A = Elapsed time spent in this place.
 B = Non-inter-level travel time spent in this place.
 C = Inter-level travel time spent in this place.
 D = Time resting spent in this place.
 E = Time spent auto-exploring this place.
 F = Levels seen in this place.
 G = Mean time per level.
                   A        B        C        D        E       F      G
               +--------+--------+--------+--------+--------+-----+--------+
         Total |   3414 |   3312 |    102 |    214 |   2454 |   4 |  853.5 |
       Dungeon |   2607 |   2505 |    102 |     92 |   1925 |   3 |  869.0 |
         Sewer |    806 |    806 |      0 |    122 |    528 |   1 |  806.0 |
               +--------+--------+--------+--------+--------+-----+--------+

Top non-repeatable levels by time:
     D:1: 1237 daAuts
     D:2: 1159 daAuts
   Sewer: 806 daAuts
     D:3: 210 daAuts

Table legend:
 A = Non-vault XP
 B = Vault XP
 C = Vault XP percentage of total XP
 D = Non-vault monster count
 E = Vault monster count
 F = Vault count percentage of total count
                 A         B        C        D         E       F
            +---------+---------+-------+---------+---------+-------
      Total |     161 |     410 |  71.8 |      56 |      17 |  23.3
            +---------+---------+-------+---------+---------+-------
        D:1 |      49 |       0 |   0.0 |      27 |       0 |   0.0
        D:2 |     101 |      69 |  40.6 |      23 |       2 |   8.0
        D:3 |      11 |      17 |  60.7 |       6 |       3 |  33.3
      Sewer |       0 |     324 | 100.0 |       0 |      12 | 100.0
            +---------+---------+-------+---------+---------+-------

Levels and vault maps discovered:
D:1:      dpeg_arrival_rhombus, layout_loops_ring,
          shapermc_ecumenical_altar_venn, nicolae_twisty_statue_hallways
D:2:      layout_rooms, basic_altar, serial_shops, shop, minmay_misc_feat_rows,
          uniq_natasha, uniq_terence
D:3:      layout_basic, gammafunk_temple_overflow_wave, gup_sewer_entry_bowl,
          moated_statue, chequers_decorated_corner
Sewer:    sewer_co_tree
